 Dungeon Crawl Stone Soup version 0.13.0-59-g13bd910 (webtiles) character file.

120 Chiseanne the Caller (level 2, -1/17 HPs)
             Began as an Octopode Summoner on Nov 21, 2013.
             Slain by a hound (4 damage)
             ... on Level 2 of the Dungeon.
             The game lasted 00:04:32 (1440 turns).

Chiseanne the Caller (Octopode Summoner)            Turns: 1440, Time: 00:04:32

HP  -1/17        AC  1     Str  7      XL: 2   Next: 50%
MP   0/4         EV 12     Int 17      God:
Gold 105         SH  0     Dex 12      Spells:  2 memorised,  0 levels left

Res.Fire  : . . .   See Invis. : .   (no weapon)
Res.Cold  : . . .   Warding    : .   (no shield)
Life Prot.: . . .   Conserve   : .   (helmet restricted)
Res.Poison: .       Res.Corr.  : .   e - amulet of rage
Res.Elec. : .       Clarity    : .   (no ring)
Sust.Abil.: . .     Spirit.Shd : .   (no ring)
Res.Mut.  : .       Stasis     : .   (no ring)
Res.Rott. : .       Flight     : .   (no ring)
Saprovore : . . .                    (no ring)
                                     (no ring)
                                     (no ring)
                                     (no ring)

@: not resistant to hostile enchantments, quite stealthy
A: almost no armour, amphibious, 8 rings, constrict 8, camouflage 1, AC +1
a: Evoke Berserk Rage


You were on level 2 of the Dungeon.
You were very hungry.

You visited 1 branch of the dungeon, and saw 3 of its levels.

You collected 85 gold pieces.

Inventory:

Comestibles
 c - a bread ration
 f - a meat ration
 k - a choko
Scrolls
 a - 2 scrolls of fear {unknown}
 d - a scroll of teleportation {unknown}
 h - a scroll of enchant armour {unknown}
 j - 2 scrolls of remove curse {unknown}
 l - a scroll of identify {unknown}
 m - a scroll of random uselessness {unknown}
Jewellery
 e - an amulet of rage (around mantle)
Potions
 g - a potion of might {unknown}
Books
 b - a book of Callings

   Spells                             Type                      Level
   *Summon Small Mammal               Summoning                    1
   *Call Imp                          Summoning                    2
   Call Canine Familiar               Summoning                    3
   Summon Scorpions                   Summoning/Poison             4
   Summon Ice Beast                   Ice/Summoning                4


   Skills:
 * Level 2.1 Dodging
 * Level 2.9 Stealth
 * Level 1.0 Spellcasting
 * Level 4.4 Summonings
 * Level 0.2 Evocations


You couldn't memorise any spells.
You knew the following spells:

 Your Spells              Type           Power        Failure   Level  Hunger
a - Summon Small Mammal   Summ           ###.         3%          1    ##.....
b - Call Imp              Summ           ###.......   6%          2    ###....


Dungeon Overview and Level Annotations

Branches:
Dungeon (3/27)

Altars:


Innate Abilities, Weirdness & Mutations

You cannot wear most types of armour.
You are amphibious.
You can wear up to eight rings at the same time.
You can use your tentacles to constrict many enemies at once.
Your skin changes colour to match your surroundings (Stlth).
Your rubbery body absorbs attacks (AC +1).


Message History

Your bat's corpse disappears in a puff of smoke!
Your crimson imp blinks!
What do you say? t - Shout!
Orders for allies: a - Attack new target. p - Attack previous target. r - Retreat! s - Stop attacking. w - Wait here. f - Follow me.
Anything else - Stay silent.
Gang up on whom?
Press: ? - help, Dir - move target cursor, f/p - hound
Aim: a hound (grey smoke, heavily wounded, bleeding) Attack!
Your crimson imp disappears in a puff of smoke!
Your crimson imp misses the hound.
The adder completely misses your crimson imp.
The hound bites you.
* * * LOW HITPOINT WARNING * * *
Your crimson imp barely misses the hound.
The hound bites you.
You die...

#...........#....# #......##
#...........#....# #......##
#<#................###......##
+....................'......%.
###.##.#####....######......##
#.# #....# #......##
#.#####....# #......##
#+##.....#....# #......##
#.........bSh@..# #########
#.....(....5##### #
#.........ยง.# # #...........+
# #...........# ...........#
..........# .......# .#..


You could see a hound (bleeding), an adder, a bat and a friendly crimson imp.

Vanquished Creatures
  3 giant cockroaches (D:1)
  A goblin (D:1)
  A hobgoblin (D:1)
  A kobold (D:1)
  2 bats (D:1)
  A giant newt (D:1)
9 creatures vanquished.

Vanquished Creatures (collateral kills)
  2 goblins (D:1)
  A hobgoblin (D:1)
  2 jackals (D:1)
  3 kobolds
8 creatures vanquished.

Vanquished Creatures (others)
  2 quokkas (D:1)
  3 bats
  3 rats (D:1)
8 creatures vanquished.

Grand Total: 25 creatures vanquished

Notes
Turn   | Place    | Note
--------------------------------------------------------------
     0 | D:1      | Chiseanne, the Octopode Summoner, began the quest for the Orb.
     0 | D:1      | Reached XP level 1. HP: 11/11 MP: 3/3
   357 | D:1      | Reached XP level 2. HP: 12/17 MP: 1/4
   370 | D:1      | Learned a level 2 spell: Call Imp
  1440 | D:2      | Slain by a hound

Action                   || total
-------------------------++-------
Melee: Unarmed           ||    35
 Cast: Summon Small Mamm ||    10
       Call Imp          ||    10
  Use: Potion            ||     1
 Stab: Sleeping          ||     2
       Distracted        ||     1
